 Dungeon Crawl Stone Soup version 0.25-a0-860-gf695395 (webtiles) character file.

Game seed: 18065299208447988248, levelgen mode: deterministic

114 travv0 the Chopper (level 4, -7/41 HPs)
             Began as a Minotaur Berserker on Apr 27, 2020.
             Was a Follower of Trog.
             Killed by divine providence
             ... invoked by an orc priest
              (10 damage)
             ... on level 3 of the Dungeon.
             The game lasted 00:25:02 (1817 turns).

travv0 the Chopper (Minotaur Berserker)             Turns: 1817, Time: 00:25:03

Health: -7/41      AC: 18    Str: 23      XL:     4   Next: 67%
Magic:  0/3        EV:  7    Int:  3 (4)  God:    Trog [*.....]
Gold:   84         SH:  0    Dex:  9      Spells: 3/3 levels left

rFire    . . .     SeeInvis .   o - +1 mace (protect)
rCold    . . .     Gourm    .   (no shield)
rNeg     . . .     Faith    .   c - +0 plate armour
rPois    .         Spirit   +   (helmet restricted)
rElec    .         Reflect  .   (no cloak)
rCorr    .         Harm     .   (no gloves)
MR       ++...                  (no boots)
Stlth    ..........             m - amulet of guardian spirit
HPRegen  1.13/turn              (no ring)
MPRegen  0.08/turn              (no ring)

@: about to teleport, protection aura, berserk cooldown, regenerating, slowed,
very slow
A: retaliatory headbutt, horns 2
a: Berserk, Renounce Religion


You were on level 3 of the Dungeon.
You worshipped Trog.
Trog was aware of your devotion.
You were very hungry.

You visited 1 branch of the dungeon, and saw 3 of its levels.

You collected 84 gold pieces.

Inventory:

Hand Weapons
 a - a +0 hand axe
 h - a +0 mace
 j - a +0 club
 k - a +2 dagger of holy wrath
 o - a +1 mace of protection (weapon)
Missiles
 f - 24 arrows
 l - 20 poisoned darts (quivered)
 p - 3 datura-tipped darts
 s - 2 throwing nets
Armour
 b - a +0 animal skin
 c - a +0 plate armour (worn)
 d - a +0 robe
Jewellery
 m - an amulet of guardian spirit (around neck)
 q - an uncursed amulet of rage {unknown}
Scrolls
 e - 2 scrolls of fear
 n - a scroll of remove curse
Comestibles
 i - 4 chunks of flesh
 r - a ration


   Skills:
 + Level 4.4 Fighting
 + Level 5.3(5.4) Axes
 + Level 1.5(3.6) Maces & Flails
 + Level 2.8 Armour
 + Level 2.6 Dodging


You had 3 spell levels left.
You didn't know any spells.
Your spell library was empty.

Dungeon Overview and Level Annotations

Branches:
Dungeon (3/15)

Altars:
Uskayaw


Innate Abilities, Weirdness & Mutations

You reflexively headbutt those who attack you in melee.
You have a pair of horns on your head.


Message History

As you read the scroll of teleportation, it crumbles to dust.
You feel strangely unstable.
The orc priest hits you but does no damage.
The orc hits you from afar with a +0 trident.
* * * LOW HITPOINT WARNING * * *
The orc hits you but does no damage. The kobold hits you but does no damage.
The orc priest barely misses you. The orc closely misses you.
You furiously retaliate!
You headbutt the orc.
The orc hits you from afar with a +0 trident.
* * * LOW HITPOINT WARNING * * *
You hit the orc priest.
Your weapon exudes an aura of protection.
Your headbutt misses the orc priest.
The orc priest is almost dead.
The orc hits you but does no damage. The kobold hits you but does no damage.
The giant cockroach completely misses you.
The orc priest hits you but does no damage.
The orc priest calls down the wrath of Beogh upon you.
Beogh smites you!
You die...

............####
.....#.....#### .......
#########.....####
....... #........###
....... #....##.....
.......
####..#.##..##.ooo.....
#......÷....... .o.....
#.........o#####.......
#.........o@ooo(.......
#.........Ksoo.†.......
#.......#..o...#.......
#.......##.....##......
###########.......?$..#
###.#.....###
.......... ###.###....
.# .#


You could see 2 orc priests, 6 orcs, a giant cockroach and a kobold.

Vanquished Creatures
  Natasha (D:2)
  Jessica (D:2)
  3 adders (D:2)
  2 dart slugs (D:1)
  An orc (D:2)
  A ball python (D:2)
  2 giant cockroaches
  4 goblins
  4 hobgoblins
  A quokka (D:2)
  3 bats (D:1)
  3 frilled lizards (D:1)
  2 kobolds
  5 rats
33 creatures vanquished.

Notes
Turn   | Place    | Note
-------+----------+-------------------------------------------
     0 | D:1      | travv0 the Minotaur Berserker began the quest for the Orb.
     0 | D:1      | Reached XP level 1. HP: 19/19 MP: 0/0
   532 | D:1      | Reached skill level 4 in Axes
   532 | D:1      | Reached XP level 2. HP: 27/27 MP: 1/1
  1217 | D:2      | Reached XP level 3. HP: 22/33 MP: 2/2
  1282 | D:2      | Noticed Jessica
  1290 | D:2      | Killed Jessica
  1361 | D:2      | Found a hide-covered altar of Uskayaw.
  1401 | D:2      | Noticed Natasha
  1410 | D:2      | Killed Natasha
  1410 | D:2      | Reached ** piety under Trog
  1410 | D:2      | Reached skill level 5 in Axes
  1410 | D:2      | Reached XP level 4. HP: 37/41 MP: 1/3
  1513 | D:2      | Reached skill level 1 in Maces & Flails
  1810 | D:3      | HP: 1/41 [orc/+0 mace (4)]
  1815 | D:3      | HP: 1/41 [orc priest/+0 dagger (2)]
  1817 | D:3      | Killed from afar by an orc priest

Levels and vault maps discovered:
D:1:      saegor_arrival_simple_d, layout_loops_corners
D:2:      layout_basic, nicolae_overflow_crystal_walls, uniq_jessica,
          uniq_natasha
D:3:      layout_rooms, grunt_temple_overflow_opulence, minmay_goblin_outpost

Skill      XL: |  1  2  3  4 |
---------------+-------------+-----
Axes           | 4 5 |  5.3
Fighting       | 4 |  4.4
Maces & Flails | 1 |  1.5
Armour         | |  2.8
Dodging        | |  2.6

Action                   |  1- 3 |  4- 6 || total
-------------------------+-------+-------++-------
Melee: Hand axe          |    26 |       ||    26
       Headbutt          |     7 |     5 ||    12
       Mace              |    46 |    31 ||    77
Invok: Trog's Hand       |       |     2 ||     2
       Berserk           |       |     1 ||     1
  Use: Scroll            |     6 |     2 ||     8
       Potion            |     2 |     1 ||     3
  Eat: Ration            |     1 |       ||     1
Armor: Robe              |     5 |       ||     5
       Plate armour      |    31 |    46 ||    77
       Animal skin       |     5 |       ||     5
Dodge: Dodged            |    32 |    34 ||    66

Table legend:
 A = Non-vault XP
 B = Vault XP
 C = Vault XP percentage of total XP
 D = Non-vault monster count
 E = Vault monster count
 F = Vault count percentage of total count
                 A         B        C        D         E       F
            +---------+---------+-------+---------+---------+-------
      Total |      88 |      76 |  46.3 |      31 |       2 |   6.1
            +---------+---------+-------+---------+---------+-------
        D:1 |      28 |       0 |   0.0 |      16 |       0 |   0.0
        D:2 |      56 |      76 |  57.6 |      12 |       2 |  14.3
        D:3 |       4 |       0 |   0.0 |       3 |       0 |   0.0
            +---------+---------+-------+---------+---------+-------
